 Dungeon Crawl Stone Soup version 0.30-a0-930-gb9d0489357 (webtiles) character file.

Game seed: 17624188838125480436

161 promet the Charlatan (level 5, -4/43 HPs)
             Began as a Gnoll Wanderer on Mar 24, 2023.
             Slain by a wyvern (6 damage)
             ... on level 4 of the Dungeon.
             The game lasted 00:22:30 (3515 turns).

promet the Charlatan (Gnoll Wanderer)               Turns: 3515, Time: 00:22:31

Health: -4/43      AC: 11    Str: 20    XL:     5   Next: 42%
Magic:  7/7        EV: 11    Int: 11    God:
Gold:   239        SH:  0    Dex:  9    Spells: 7/7 levels left

rFire   . . .      SeeInvis .    a - +0 war axe
rCold   . . .      Faith    .    (no shield)
rNeg    . . .      Spirit   .    p - +0 scale mail
rPois   +          Reflect  .    (no helmet)
rElec   .          Rampage  .    c - +0 cloak
rCorr   .                        q - +2 pair of gloves
Will    .....                    (no boots)
Stlth   +                        i - amulet "Vuhuh" {Fly rPois Regen+ Dex-2 Stlth+}
HPRegen 1.07/turn                l - +6 ring of strength
MPRegen 0.10/turn                (no ring)

@: flying
A: fangs 1, strong nose, distributed training
a: no special abilities


You were on level 4 of the Dungeon.
You visited 1 branch of the dungeon, and saw 4 of its levels.

You collected 239 gold pieces.

Inventory:

Hand Weapons
 a - a +0 war axe (weapon)
 b - a +1 sling
 t - a +2 whip of venom
 v - a +0 halberd
 y - a +0 rapier
 A - the +4 dagger of Instant Death {speed, rCorr Int+3}
   (You found it on level 3 of the Dungeon)

   Int:       It affects your intelligence (+3).
   rCorr:     It protects you from acid and corrosion.
Missiles
 g - 28 stones (quivered)
 h - 2 silver boomerangs
Armour
 c - a +0 cloak (worn)
 e - a +0 leather armour
 p - a +0 scale mail (worn)
 q - a +2 pair of gloves (worn)
Jewellery
 i - the amulet "Vuhuh" (around neck) {Fly rPois Regen+ Dex-2 Stlth+}
   (You acquired it on level 1 of the Dungeon)

   [amulet of regeneration]

   Dex:       It affects your dexterity (-2).
   rPois:     It protects you from poison.
   Fly:       It grants you flight.
   Regen:     It increases your rate of health regeneration.
   Stlth:     It makes you more stealthy.
 l - a +6 ring of strength (left hand)
 s - an amulet of reflection
Scrolls
 u - a scroll of amnesia
 x - 2 scrolls of teleportation {unknown}
Potions
 d - 5 potions of attraction
 j - a potion of resistance
 k - a potion of invisibility {unknown}
 m - a potion of magic
 n - a potion of lignification {unknown}
 o - 2 potions of curing
 w - a potion of mutation {unknown}
 z - a potion of haste {unknown}
Miscellaneous
 f - a phial of floods (inert)


   Skills:
 + Level 4.8 Fighting
 + Level 1.5 Short Blades
 + Level 1.5 Long Blades
 + Level 1.5 Axes
 + Level 1.5 Maces & Flails
 + Level 1.5 Polearms
 + Level 1.5 Staves
 + Level 4.8 Ranged Weapons
 + Level 1.5 Throwing
 + Level 3.0 Armour
 + Level 4.8 Dodging
 + Level 1.5 Stealth
 + Level 1.5 Shields
 + Level 1.5 Unarmed Combat
 + Level 1.5 Spellcasting
 + Level 1.2 Conjurations
 + Level 1.2 Hexes
 + Level 1.2 Summonings
 + Level 1.2 Necromancy
 + Level 1.2 Translocations
 + Level 1.2 Transmutations
 + Level 1.2 Fire Magic
 + Level 1.2 Ice Magic
 + Level 1.2 Air Magic
 + Level 1.2 Earth Magic
 + Level 1.2 Poison Magic
 + Level 1.7 Invocations
 + Level 6.7 Evocations


You had 7 spell levels left.
You didn't know any spells.
Your spell library contained the following spells:

 Spells                   Type           Power      Damage    Failure   Level
 Kindle Blastsparks       Fire/Tloc/Air  6%         2d10      83%         3
 Fulminant Prism          Conj/Hex       1%         3d5       99%         4
 Iskenderun's Mystic Bla  Conj/Tloc      3%         2d3       99%         4
 Lee's Rapid Deconstruct  Erth           1%         3d4*      100%        5


Dungeon Overview and Level Annotations

Branches:
Dungeon (4/15)
 Temple: D:4-7

Altars:
Gozag
Qazlal
Xom


Innate Abilities, Weirdness & Mutations

You have very sharp teeth.
Your uncanny sense of smell can sniff out nearby items.
Your experience applies equally to all skills.


Message History

Press: ? - help, Q - select action, (/) - cycle Shift-Dir - straight line, f/p - wyvern
Aim: a wyvern (lightly wounded, poisoned, 56% to hit)
You throw a poisoned dart.
The poisoned dart closely misses the wyvern.
Throw: dart (poison)
Press: ? - help, Q - select action, (/) - cycle Shift-Dir - straight line, f/p - wyvern
Aim: a wyvern (lightly wounded, poisoned, 56% to hit)
You throw a poisoned dart. The poisoned dart hits the wyvern.
The wyvern looks even sicker.
The wyvern is lightly wounded.
You see here a kobold corpse.
Okay, then.
Your +2 whip of venom begins to drip with poison!
t - a +2 whip of venom (weapon)
You hit the wyvern but do no damage.
The wyvern looks even sicker.
The wyvern is lightly wounded.
The wyvern bites you but does no damage.
The wyvern bites you!
You hit the wyvern.
The wyvern looks as sick as possible!
The wyvern is moderately wounded.
The wyvern misses you. The wyvern bites you.
Your +2 whip of venom stops dripping with poison.
a - a +0 war axe (weapon)
You barely miss the wyvern.
The wyvern is heavily wounded.
The wyvern bites you! The wyvern bites you.
You barely miss the wyvern. Your bite misses the wyvern.
The wyvern is severely wounded.
The wyvern bites you. The wyvern bites you!
* * * LOW HITPOINT WARNING * * *
The wyvern bites you.
* * * LOW HITPOINT WARNING * * *
You feel better. The wyvern bites you.
* * * LOW HITPOINT WARNING * * *
You barely miss the wyvern. You bite the wyvern, but do no damage.
The wyvern is almost dead.
The wyvern bites you!
* * * LOW HITPOINT WARNING * * *
The wyvern bites you.
You die...

### #######.... ..
#.........# ########.#
##.......... ..........
#..........# (.......#.##
#.........## ........#..#
#.##....#...
....(...##.###.##..###...
........##.....#.........
.......l@................
....)...####........... #
......... .............
..............>.......
...............#.####+
...............#.#
.......#.......#.#
######. ......


You could see a wyvern (very poisoned).

Vanquished Creatures
  4 gnolls (D:3)
  4 adders
  3 worms (D:3)
  2 dart slugs
  2 orcs
  6 ball pythons
  7 endoplasms
  3 giant cockroaches
  8 hobgoblins
  3 jackals
  2 quokkas (D:1)
  7 bats
  2 frilled lizards
  7 goblins
  5 kobolds
  5 rats
70 creatures vanquished.

Notes
Turn   | Place    | Note
-------+----------+-------------------------------------------
     0 | D:1      | promet the Gnoll Wanderer began the quest for the Orb.
     0 | D:1      | promet set off with the following items: a +0 sling, a
                  | phial of floods, a +0 cloak, a potion of attraction, a +0
                  | leather armour.
     0 | D:1      | Reached XP level 1. HP: 20/20 MP: 1/1
    39 | D:1      | Reached XP level 2. HP: 24/26 MP: 2/2
   907 | D:1      | Reached XP level 3. HP: 31/31 MP: 3/3
  1335 | D:1      | Found a faded altar of an unknown god.
  1342 | D:1      | Identified a scroll of acquirement
  1342 | D:1      | Acquired the amulet "Vuhuh" {Fly rPois Regen+ Dex-2 Stlth+}
  1484 | D:2      | Reached skill level 1 in Invocations
  1555 | D:2      | Reached skill level 1 in Short Blades
  1555 | D:2      | Reached skill level 1 in Long Blades
  1555 | D:2      | Reached skill level 1 in Axes
  1555 | D:2      | Reached skill level 1 in Maces & Flails
  1555 | D:2      | Reached skill level 1 in Polearms
  1555 | D:2      | Reached skill level 1 in Staves
  1555 | D:2      | Reached skill level 1 in Throwing
  1555 | D:2      | Reached skill level 1 in Stealth
  1555 | D:2      | Reached skill level 1 in Shields
  1555 | D:2      | Reached skill level 1 in Unarmed Combat
  1555 | D:2      | Reached skill level 1 in Spellcasting
  1791 | D:2      | Reached XP level 4. HP: 38/38 MP: 5/5
  2223 | D:3      | Identified the +4 dagger of Instant Death {speed, rCorr
                  | Int+3}
  2524 | D:3      | Found an opulent altar of Gozag.
  2532 | D:3      | Found a shimmering altar of Xom.
  2621 | D:3      | Found a stormy altar of Qazlal.
  2704 | D:3      | Reached skill level 1 in Conjurations
  2704 | D:3      | Reached skill level 1 in Hexes
  2704 | D:3      | Reached skill level 1 in Summonings
  2704 | D:3      | Reached skill level 1 in Necromancy
  2704 | D:3      | Reached skill level 1 in Translocations
  2704 | D:3      | Reached skill level 1 in Transmutations
  2704 | D:3      | Reached skill level 1 in Fire Magic
  2704 | D:3      | Reached skill level 1 in Ice Magic
  2704 | D:3      | Reached skill level 1 in Air Magic
  2704 | D:3      | Reached skill level 1 in Earth Magic
  2704 | D:3      | Reached skill level 1 in Poison Magic
  3032 | D:3      | Reached XP level 5. HP: 39/43 MP: 5/7
  3502 | D:4      | Noticed a wyvern
  3515 | D:4      | HP: 2/43 [wyvern (11)]
  3515 | D:4      | Slain by a wyvern

Illustrated notes

Levels and vault maps discovered:
D:1:      tarquinn_simple_flora_water_b, layout_rooms,
          hellmonk_ecumenical_altar_prayer_group
D:2:      layout_rooms
D:3:      minmay_chambers_of_threes, layout_basic,
          mainiacjoe_overflow_tiny_flanked, mainiacjoe_overflow_big_doors
D:4:      layout_basic

Skill      XL: |  1  2  3  4  5 |
---------------+----------------+-----
Invocations    | 1 |  1.7
Short Blades   | 1 |  1.5
Long Blades    | 1 |  1.5
Axes           | 1 |  1.5
Maces & Flails | 1 |  1.5
Polearms       | 1 |  1.5
Staves         | 1 |  1.5
Throwing       | 1 |  1.5
Stealth        | 1 |  1.5
Shields        | 1 |  1.5
Unarmed Combat | 1 |  1.5
Spellcasting   | 1 |  1.5
Conjurations   | 1 |  1.2
Hexes          | 1 |  1.2
Summonings     | 1 |  1.2
Necromancy     | 1 |  1.2
Translocations | 1 |  1.2
Transmutations | 1 |  1.2
Fire Magic     | 1 |  1.2
Ice Magic      | 1 |  1.2
Air Magic      | 1 |  1.2
Earth Magic    | 1 |  1.2
Poison Magic   | 1 |  1.2
Armour         | 3 |  3.0
Fighting       | |  4.8
Ranged Weapons | |  4.8
Dodging        | |  4.8
Evocations     | |  6.7

Action                     |  1- 3 |  4- 6 || total
---------------------------+-------+-------++-------
  Melee: Short sword       |   110 |       ||   110
         Bite              |    12 |     9 ||    21
         Whip              |    11 |     6 ||    17
         Dagger            |       |   111 ||   111
         Punch             |       |     1 ||     1
         War axe           |       |     3 ||     3
   Fire: Sling             |    37 |     4 ||    41
  Throw: Boomerang         |       |     9 ||     9
         Dart              |       |     3 ||     3
  Evoke: Phial of floods   |     1 |     1 ||     2
    Use: Scroll            |     5 |     3 ||     8
         Potion            |     1 |     1 ||     2
   Stab: Sleeping          |     3 |       ||     3
         Distracted        |     1 |       ||     1
 Armour: Leather armour    |    57 |       ||    57
         Scale mail        |     2 |    32 ||    34
  Dodge: Dodged            |   110 |    41 ||   151

Table legend: (Time is in decaauts)
 A = Elapsed time spent in this place.
 B = Non-inter-level travel time spent in this place.
 C = Inter-level travel time spent in this place.
 D = Time resting spent in this place.
 E = Time spent auto-exploring this place.
 F = Levels seen in this place.
 G = Mean time per level.
                   A        B        C        D        E       F      G
               +--------+--------+--------+--------+--------+-----+--------+
         Total |   3474 |   3388 |     86 |   1229 |   1067 |   4 |  868.5 |
       Dungeon |   3474 |   3388 |     86 |   1229 |   1067 |   4 |  868.5 |
               +--------+--------+--------+--------+--------+-----+--------+

Top non-repeatable levels by time:
     D:1: 1482 daAuts
     D:3: 1095 daAuts
     D:2: 688 daAuts
     D:4: 207 daAuts
